 Dungeon Crawl Stone Soup version 0.30-a0-857-gcaf70739d4 (webtiles) character file.

Game seed: 4781700125862557496

32 oldriver the Shooter (level 3, -1/30 HPs)
             Began as a Meteoran Hunter on Mar 5, 2023.
             Slain by Natasha (8 damage)
             ... on level 2 of the Dungeon.
             The game lasted 00:02:33 (511 turns).

oldriver the Shooter (Meteoran Hunter)               Turns: 511, Time: 00:02:34

Health: -1/30      AC:  3    Str: 13    XL:     3   Next: 67%
Magic:  4/4        EV: 12    Int: 10    God:
Gold:   0          SH:  0    Dex: 19    Spells: 2/2 levels left

rFire   . . .      SeeInvis .    a - +0 shortbow
rCold   . . .      Faith    .    (shield currently unavailable)
rNeg    . . .      Spirit   .    c - +0 leather armour
rPois   .          Reflect  .    (no helmet)
rElec   .          Rampage  .    (no cloak)
rCorr   .                        (no gloves)
Will    .....                    (no boots)
Stlth   +                        (no amulet)
HPRegen 0.25/turn                (no ring)
MPRegen 0.09/turn                (no ring)

@: glowing
A: sense surroundings 1, otherworldly, glowing, explore regen
a: no special abilities


You were on level 2 of the Dungeon.
You visited 1 branch of the dungeon, and saw 2 of its levels.

Inventory:

Hand Weapons
 a - a +0 shortbow (weapon)
Missiles
 k - 4 boomerangs of dispersal
Armour
 c - a +0 leather armour (worn)
Scrolls
 b - a scroll of immolation
 d - a scroll of enchant weapon {unknown}
 g - a scroll of magic mapping {unknown}
 h - a scroll of poison {unknown}
 i - a scroll of amnesia {unknown}
Potions
 e - a potion of mutation {unknown}
 f - a potion of haste {unknown}
 j - a potion of might {unknown}


   Skills:
 + Level 2.8 Fighting
 * Level 5.2 Ranged Weapons
 - Level 2.4 Dodging
 - Level 0.6 Stealth


You had 2 spell levels left.
You didn't know any spells.
Your spell library was empty.

Dungeon Overview and Level Annotations

Branches:
Dungeon (2/15) Zot: 664

Altars:

Annotations:
D:1 1 transporter
D:2 Natasha


Innate Abilities, Weirdness & Mutations

You passively map a small area around you.
You are easily found by Zot.
You glow in the dark.
You regain HP and MP as you explore.


Message History

The magic dart hits you!
You are too injured to fight recklessly!
You are too injured to fight recklessly!
Fire: a) +0 shortbow
Press: ? - help, Shift-Dir - straight line, f/p - Natasha
Aim: Natasha (moderately wounded, 58% to hit)
You shoot an arrow. The arrow completely misses Natasha.
Natasha claws you.
Fire: a) +0 shortbow
Press: ? - help, Shift-Dir - straight line, f/p - Natasha
Aim: Natasha (moderately wounded, 58% to hit)
You shoot an arrow. The arrow hits Natasha!
Natasha is almost dead.
The kobold hits you but does no damage. Natasha claws you but does no damage.
The kobold hits you with a +0 club.
Fire: a) +0 shortbow
Press: ? - help, Shift-Dir - straight line, f/p - Natasha
Aim: Natasha (almost dead, 58% to hit)
You shoot an arrow. The arrow closely misses Natasha.
Natasha claws you but does no damage. The kobold hits you with a +0 club.
Natasha stares at you and mumbles some strange words.
The magic dart hits you!
* * * LOW HITPOINT WARNING * * *
Fire: a) +0 shortbow
Press: ? - help, Shift-Dir - straight line, f/p - Natasha
Aim: Natasha (almost dead, 58% to hit)
You shoot an arrow. The arrow closely misses Natasha.
The kobold hits you but does no damage. Natasha closely misses you.
Fire: a) +0 shortbow
Press: ? - help, Shift-Dir - straight line, f/p - Natasha
Aim: Natasha (almost dead, 58% to hit)
You shoot an arrow. The arrow barely misses Natasha.
The kobold hits you with a +0 club.
* * * LOW HITPOINT WARNING * * *
Natasha claws you but does no damage.
Fire: a) +0 shortbow
Press: ? - help, Shift-Dir - straight line, f/p - Natasha
Aim: Natasha (almost dead, 58% to hit)
You shoot an arrow. The arrow misses Natasha.
The kobold barely misses you. Natasha claws you!
You die...

* , , ,* * * ,
##* ### * ##.#
.., , *
##...#*.#*
##.....#K###..#
#......@......#
......h#.##....
, * *###...# .#
, # * , ##.# ..
,, ##* ### * ,
* ,* * , * * ,
*


You could see Natasha and a kobold.

Vanquished Creatures
  A dart slug (D:1)
  A ball python (D:1)
  A bat (D:1)
  2 endoplasms (D:1)
  2 giant cockroaches (D:1)
  7 hobgoblins (D:1)
  7 kobolds (D:1)
  A quokka (D:1)
  3 frilled lizards (D:1)
  A goblin (D:1)
  A rat (D:1)
27 creatures vanquished.

Notes
Turn   | Place    | Note
-------+----------+-------------------------------------------
     0 | D:1      | oldriver the Meteoran Hunter began the quest for the Orb.
     0 | D:1      | Reached XP level 1. HP: 17/17 MP: 2/2
    27 | D:1      | Reached XP level 2. HP: 13/25 MP: 3/3
   174 | D:1      | Reached XP level 3. HP: 23/30 MP: 4/4
   192 | D:1      | Reached skill level 5 in Ranged Weapons
   502 | D:2      | Noticed Natasha
   511 | D:2      | Slain by Natasha

Illustrated notes

Levels and vault maps discovered:
D:1:      spicycebolla_arrival_risky_transporter, layout_basic,
          supply_closet_lemuel, minmay_cut_off
D:2:      layout_loops_cross, minmay_snake_closets, uniq_terence, uniq_natasha

Skill      XL: |  1  2  3 |
---------------+----------+-----
Ranged Weapons | 5 |  5.2
Fighting       | |  2.8
Dodging        | |  2.4
Stealth        | |  0.6

Action                     || total
---------------------------++-------
   Fire: Shortbow          ||    82
 Armour: Leather armour    ||    25
  Dodge: Dodged            ||    29

Table legend: (Time is in decaauts)
 A = Elapsed time spent in this place.
 B = Non-inter-level travel time spent in this place.
 C = Inter-level travel time spent in this place.
 D = Time resting spent in this place.
 E = Time spent auto-exploring this place.
 F = Levels seen in this place.
 G = Mean time per level.
                   A        B        C        D        E       F      G
               +--------+--------+--------+--------+--------+-----+--------+
         Total |    534 |    488 |     46 |      0 |      0 |   2 |  267.0 |
       Dungeon |    534 |    488 |     46 |      0 |      0 |   2 |  267.0 |
               +--------+--------+--------+--------+--------+-----+--------+

Top non-repeatable levels by time:
     D:1: 521 daAuts
     D:2: 12 daAuts
